% Time on Ice - SAN FRANCISCO SPIDERS
Lines # - Real PCT - Wanted PCT - Time Play
Normal Forward
1 - 30% - 35% - 17:05
2 - 31% - 35% - 17:18
3 - 27% - 25% - 15:21
4 - 11% - 5% - 6:18
Normal Defense
1 - 32% - 38% - 17:55
2 - 37% - 37% - 20:43
3 - 24% - 15% - 13:27
4 - 7% - 10% - 3:57
PP Forward
1 - 33% - 55% - 0:39
2 - 67% - 45% - 1:20
PP Defense
1 - 33% - 55% - 0:39
2 - 67% - 45% - 1:20
PK Forward
1 - 71% - 55% - 1:25
2 - 29% - 45% - 0:34
PK Defense
1 - 32% - 55% - 0:38
2 - 68% - 45% - 1:21
PK3 Forward
1 - 0% - 55%
2 - 0% - 45%
PK3 Defense
1 - 0% - 55%
2 - 0% - 45%
44 Forward
1 - 0% - 55%
2 - 0% - 45%
44 Defense
1 - 0% - 55%
2 - 0% - 45%
Last Minute Offensive  - 0:00
Last Minute Defensive  - 0:00
Total
Forward - 60:00
Defense - 60:00
% Time on Ice - ANCHORAGE ACES
Lines # - Real PCT - Wanted PCT - Time Play
Normal Forward
1 - 31% - 33% - 17:21
2 - 32% - 33% - 17:44
3 - 29% - 31% - 15:48
4 - 8% - 3% - 4:16
Normal Defense
1 - 34% - 35% - 18:48
2 - 35% - 35% - 19:32
3 - 24% - 23% - 13:17
4 - 6% - 7% - 3:32
PP Forward
1 - 59% - 50% - 1:10
2 - 41% - 50% - 0:49
PP Defense
1 - 59% - 55% - 1:10
2 - 41% - 45% - 0:49
PK Forward
1 - 68% - 55% - 1:21
2 - 32% - 45% - 0:38
PK Defense
1 - 52% - 55% - 1:02
2 - 48% - 45% - 0:57
PK3 Forward
1 - 0% - 55%
2 - 0% - 45%
PK3 Defense
1 - 0% - 55%
2 - 0% - 45%
44 Forward
1 - 0% - 55%
2 - 0% - 45%
44 Defense
1 - 0% - 55%
2 - 0% - 45%
Last Minute Offensive  - 0:53
Last Minute Defensive  - 0:00
Total
Forward - 60:00
Defense - 60:00
Play-by-Play 1st period 0:01 of 1st period - Nathan MacKinnon wins face-off versus Bo Horvat in neutral zone. 0:12 of 1st period - Shot by Alex Killorn. 0:12 of 1st period - Shot Blocked by Brenden Dillon. 0:14 of 1st period - Shot by Seth Jones. 0:14 of 1st period - Shot Blocked by Darnell Nurse. 0:44 of 1st period - Shot by Seth Jones. 0:44 of 1st period - Shot Blocked by Darnell Nurse. 1:17 of 1st period - Viktor Arvidsson is hit by Filip Hronek and loses puck. 1:57 of 1st period - Icing by Brock Faber. 1:58 of 1st period - Erik Haula wins face-off versus Justin Brazeau in SAN FRANCISCO SPIDERS zone. 2:31 of 1st period - Off-side. 2:32 of 1st period - Connor McDavid wins face-off versus Nick Bjugstad in neutral zone. 3:08 of 1st period - Shot by Sheldon Dries. 3:08 of 1st period - Shot Misses the Net. 3:10 of 1st period - Shot by Robert Bortuzzo. 3:10 of 1st period - Deflect By Connor McDavid. 3:10 of 1st period - Shot Misses the Net. 3:12 of 1st period - Shot by Connor McDavid. 3:12 of 1st period - Shot Misses the Net. 3:19 of 1st period - Icing by Jacob Middleton. 3:20 of 1st period - Nick Bjugstad wins face-off versus Erik Haula in SAN FRANCISCO SPIDERS zone. 3:58 of 1st period - Erik Haula is hit by Brenden Dillon and loses puck. 4:05 of 1st period - Shot by Marcus Johansson. 4:05 of 1st period - Stopped by Igor Shesterkin with a rebound. 4:18 of 1st period - Phillip Danault is hit by Darnell Nurse and loses puck. 4:23 of 1st period - Shot by Chris Kreider. 4:23 of 1st period - Deflect By Phillip Danault. 4:23 of 1st period - Shot Hit the Post. 4:51 of 1st period - Shot by Alexander DeBrincat. 4:51 of 1st period - Shot Misses the Net. 4:53 of 1st period - Shot by Chris Kreider. 4:53 of 1st period - Goal by Chris Kreider - SAN FRANCISCO SPIDERS : 0 - ANCHORAGE ACES : 1. 4:54 of 1st period - Connor McDavid wins face-off versus Justin Brazeau in neutral zone. 4:59 of 1st period - Shot by Alex Killorn. 4:59 of 1st period - Shot Misses the Net. 5:38 of 1st period - Icing by Nathan MacKinnon. 5:39 of 1st period - Nick Bjugstad wins face-off versus Nathan MacKinnon in ANCHORAGE ACES zone. 6:03 of 1st period - Icing by Seth Jones. 6:04 of 1st period - Connor McDavid wins face-off versus Dakota Joshua in ANCHORAGE ACES zone. 6:08 of 1st period - Nathan MacKinnon is hit by Brenden Dillon and loses puck. 6:33 of 1st period - Phillip Danault is hit by Brenden Dillon. 6:36 of 1st period - Alexander DeBrincat is hit by Brenden Dillon and loses puck. 6:39 of 1st period - Shot by Chris Kreider. 6:39 of 1st period - Stopped by Igor Shesterkin without a rebound. 6:40 of 1st period - Marcus Johansson wins face-off versus Bo Horvat in SAN FRANCISCO SPIDERS zone. 6:47 of 1st period - Shot by Yegor Sharangovich. 6:47 of 1st period - Goal by Yegor Sharangovich - SAN FRANCISCO SPIDERS : 0 - ANCHORAGE ACES : 2. 6:48 of 1st period - Erik Haula wins face-off versus Justin Brazeau in neutral zone. 6:53 of 1st period - Shot by Yegor Sharangovich. 6:53 of 1st period - Stopped by Igor Shesterkin without a rebound. 6:54 of 1st period - Erik Haula wins face-off versus Bo Horvat in SAN FRANCISCO SPIDERS zone. 6:58 of 1st period - Yegor Sharangovich is hit by Brock Faber and loses puck. 7:07 of 1st period - Erik Haula is hit by Andrei Svechnikov and loses puck. 7:24 of 1st period - Shot by Bo Horvat. 7:24 of 1st period - Stopped by Jaroslav Halak with a rebound. 7:26 of 1st period - Shot by Darnell Nurse. 7:26 of 1st period - Stopped by Jaroslav Halak without a rebound. 7:27 of 1st period - Phillip Danault wins face-off versus Justin Brazeau in ANCHORAGE ACES zone. 7:35 of 1st period - Icing by Phillip Danault. 7:36 of 1st period - Nick Bjugstad wins face-off versus Alexander DeBrincat in ANCHORAGE ACES zone. 7:39 of 1st period - Shot by Jack Roslovic. 7:39 of 1st period - Shot Misses the Net. 7:47 of 1st period - Shot by Alexander DeBrincat. 7:47 of 1st period - Shot Misses the Net. 7:49 of 1st period - Shot by Phillip Danault. 7:49 of 1st period - Shot Misses the Net. 7:51 of 1st period - Shot by Alexander DeBrincat. 7:51 of 1st period - Shot Hit the Post. 7:55 of 1st period - Shot by Alexander DeBrincat. 7:55 of 1st period - Shot Misses the Net. 7:57 of 1st period - Shot by Phillip Danault. 7:57 of 1st period - Shot Blocked by Jacob Middleton. 8:16 of 1st period - Icing by Chris Kreider. 8:17 of 1st period - Phillip Danault wins face-off versus Justin Brazeau in ANCHORAGE ACES zone. 8:21 of 1st period - Phillip Danault is hit by Brady Tkachuk and loses puck. 9:15 of 1st period - Shot by Bo Horvat. 9:15 of 1st period - Stopped by Jaroslav Halak without a rebound. 9:16 of 1st period - Bo Horvat wins face-off versus Yegor Sharangovich in ANCHORAGE ACES zone. 9:21 of 1st period - Shot by Jared McCann. 9:21 of 1st period - Deflect By Bo Horvat. 9:21 of 1st period - Stopped by Jaroslav Halak without a rebound. 9:22 of 1st period - Erik Haula wins face-off versus Bo Horvat in ANCHORAGE ACES zone. 9:29 of 1st period - Icing by Darnell Nurse. 9:30 of 1st period - Connor McDavid wins face-off versus Bo Horvat in SAN FRANCISCO SPIDERS zone. 10:15 of 1st period - Shot by Andrei Svechnikov. 10:15 of 1st period - Deflect By Bo Horvat. 10:15 of 1st period - Shot Misses the Net. 10:44 of 1st period - Shot by Jack Roslovic. 10:44 of 1st period - Deflect By Nick Bjugstad. 10:44 of 1st period - Stopped by Jaroslav Halak with a rebound. 10:46 of 1st period - Shot by Nick Bjugstad. 10:46 of 1st period - Shot Misses the Net. 10:59 of 1st period - Icing by Filip Hronek. 11:00 of 1st period - Alex Killorn wins face-off versus Justin Brazeau in ANCHORAGE ACES zone. 11:16 of 1st period - Marcus Johansson is hit by Jacob Middleton and loses puck. 11:38 of 1st period - Shot by Erik Haula. 11:38 of 1st period - Shot Misses the Net. 12:04 of 1st period - Shot by Eeli Tolvanen. 12:04 of 1st period - Goal by Eeli Tolvanen - SAN FRANCISCO SPIDERS : 1 - ANCHORAGE ACES : 2. 12:05 of 1st period - Phillip Danault wins face-off versus Andrei Svechnikov in neutral zone. 12:16 of 1st period - Phillip Danault is hit by Darnell Nurse and loses puck. 12:21 of 1st period - Shot by Chris Kreider. 12:21 of 1st period - Shot Misses the Net. 12:23 of 1st period - Shot by Phillip Danault. 12:23 of 1st period - Deflect By Alexander DeBrincat. 12:23 of 1st period - Shot Hit the Post. 12:25 of 1st period - Shot by Phillip Danault. 12:25 of 1st period - Deflect By Chris Kreider. 12:25 of 1st period - Stopped by Igor Shesterkin without a rebound. 12:26 of 1st period - Nick Bjugstad wins face-off versus Sam Gagner in SAN FRANCISCO SPIDERS zone. 12:26 of 1st period - Nick Bjugstad is hit by Sheldon Dries. 13:29 of 1st period - Shot by Brady Tkachuk. 13:29 of 1st period - Shot Misses the Net. 13:41 of 1st period - Shot by Brady Tkachuk. 13:41 of 1st period - Shot Misses the Net. 13:43 of 1st period - Shot by Darnell Nurse. 13:43 of 1st period - Stopped by Jaroslav Halak with a rebound. 13:45 of 1st period - Shot by Darnell Nurse. 13:45 of 1st period - Stopped by Jaroslav Halak with a rebound. 13:47 of 1st period - Shot by Brenden Dillon. 13:47 of 1st period - Stopped by Jaroslav Halak without a rebound. 13:48 of 1st period - Phillip Danault wins face-off versus Bo Horvat in ANCHORAGE ACES zone. 13:48 of 1st period - Phillip Danault is hit by Andrei Svechnikov. 13:53 of 1st period - Alexander DeBrincat is hit by Andrei Svechnikov and loses puck. 14:07 of 1st period - Shot by Phillip Danault. 14:07 of 1st period - Shot Misses the Net. 14:27 of 1st period - Shot by Chris Kreider. 14:27 of 1st period - Shot Misses the Net. 14:45 of 1st period - Shot by Brady Tkachuk. 14:45 of 1st period - Goal by Brady Tkachuk - SAN FRANCISCO SPIDERS : 2 - ANCHORAGE ACES : 2. 14:46 of 1st period - Justin Brazeau wins face-off versus Marcus Johansson in neutral zone. 15:14 of 1st period - Shot by Viktor Arvidsson. 15:14 of 1st period - Deflect By Brady Tkachuk. 15:14 of 1st period - Stopped by Jaroslav Halak without a rebound. 15:15 of 1st period - Connor McDavid wins face-off versus Nick Bjugstad in ANCHORAGE ACES zone. 15:28 of 1st period - Shot by Connor McDavid. 15:28 of 1st period - Stopped by Igor Shesterkin without a rebound. 15:29 of 1st period - Erik Haula wins face-off versus Bo Horvat in SAN FRANCISCO SPIDERS zone. 15:50 of 1st period - Bo Horvat is hit by Ryan Pulock and loses puck. 16:51 of 1st period - Shot by Alexander DeBrincat. 16:51 of 1st period - Shot Misses the Net. 17:39 of 1st period - Shot by Viktor Arvidsson. 17:39 of 1st period - Shot Blocked by Nathan MacKinnon. 18:23 of 1st period - Icing by Viktor Arvidsson. 18:24 of 1st period - Erik Haula wins face-off versus Justin Brazeau in SAN FRANCISCO SPIDERS zone. 18:55 of 1st period - Shot by Marcus Johansson. 18:55 of 1st period - Stopped by Igor Shesterkin without a rebound. 18:56 of 1st period - Phillip Danault wins face-off versus Nick Bjugstad in SAN FRANCISCO SPIDERS zone. 18:57 of 1st period - Shot by Chris Kreider. 18:57 of 1st period - Stopped by Igor Shesterkin without a rebound. 18:58 of 1st period - Nick Bjugstad wins face-off versus Phillip Danault in SAN FRANCISCO SPIDERS zone. 19:00 of 1st period - Jack Roslovic is hit by Phillip Danault and loses puck. 19:05 of 1st period - Jakob Chychrun is hit by Ondrej Palat and loses puck. 19:10 of 1st period - Shot by Nick Bjugstad. 19:10 of 1st period - Shot Misses the Net. 19:59 of 1st period - Shot by Eeli Tolvanen. 19:59 of 1st period - Stopped by Jaroslav Halak without a rebound. Goals for this period are 2 for SAN FRANCISCO SPIDERS vs 2 for ANCHORAGE ACES. Shots for this period are 12 for SAN FRANCISCO SPIDERS vs 9 for ANCHORAGE ACES. 2nd period 0:01 of 2nd period - Nick Bjugstad wins face-off versus Connor McDavid in neutral zone. 0:01 of 2nd period - Jack Roslovic is hit by Alex Killorn and loses puck. 0:14 of 2nd period - Shot by Connor McDavid. 0:14 of 2nd